 Dungeon Crawl Stone Soup version 0.30-a0-279-g4b46babb21 (webtiles) character file.

Game seed: 9802361309039565047

5 Morbidden the Ducker (level 1, -1/14 HPs)
             Began as a Minotaur Air Elementalist on Oct 16, 2022.
             Slain by a quokka (3 damage)
             ... on level 1 of the Dungeon.
             The game lasted 00:00:23 (145 turns).

Morbidden the Ducker (Minotaur Air Elementalist)     Turns: 145, Time: 00:00:23

Health: -1/14      AC:  2    Str: 12    XL:     1   Next: 66%
Magic:  2/2        EV: 12    Int: 12    God:
Gold:   4          SH:  0    Dex: 10    Spells: 2/3 levels left

rFire   . . .      SeeInvis .    (no weapon)
rCold   . . .      Faith    .    (no shield)
rNeg    + . .      Spirit   .    a - +0 robe
rPois   .          Reflect  .    (helmet restricted)
rElec   .          Harm     .    (no cloak)
rCorr   .          Rampage  .    (no gloves)
Will    .....                    (no boots)
Stlth   ++........               (no amulet)
HPRegen 0.22/turn                d - ring of positive energy
MPRegen 0.08/turn                (no ring)

@: no status effects
A: horns 2, retaliatory headbutt
a: no special abilities


You were on level 1 of the Dungeon.
You visited 1 branch of the dungeon, and saw 1 of its levels.

You collected 4 gold pieces.

Inventory:

Armour
 a - a +0 robe (worn)
Jewellery
 d - a ring of positive energy (left hand)
Scrolls
 c - a scroll of butterflies {unknown}
Potions
 b - a potion of magic
 e - a potion of flight {unknown}


   Skills:
 * Level 2.3 Dodging
 + Level 1.5 Stealth
 * Level 1.5 Spellcasting
 * Level 0.6 Conjurations
 * Level 2.2 Air Magic


You had 2 spell levels left.
You knew the following spells:

 Your Spells              Type           Power      Damage    Failure   Level
a - Shock                 Conj/Air       16%        1d4       16%         1

Your spell library contained the following spells:

 Spells                   Type           Power      Damage    Failure   Level
 Static Discharge         Conj/Air       8%         2-3/arc   24%         2
 Swiftness                Air            6%         N/A       34%         3
 Airstrike                Air            3%         2d(1-17)  75%         4


Dungeon Overview and Level Annotations

Branches:
Dungeon (1/15)

Altars:


Innate Abilities, Weirdness & Mutations

You have a pair of horns on your head.
You reflexively headbutt those who attack you in melee.


Message History

Unknown command.
No target in view!
No target in view!
There is a stone staircase leading down here.
You now have 4 gold pieces.
A ball python comes into view.
A ball python is nearby!
A ball python is nearby!
A quokka comes into view.
The ball python hisses angrily.
There are monsters nearby!
A goblin comes into view. It is wielding a +0 dagger.
Found a scroll labelled TUK UTURRYISU.
The goblin shouts!
The ball python bites you. The ball python barely misses you.
You hit the ball python.
You kill the ball python!
The quokka misses you.
A giant cockroach comes into view.
You hit the quokka but do no damage. The quokka bites you.
The goblin hits you with a +0 dagger.
You hit the quokka but do no damage.
You headbutt the quokka, but do no damage.
The quokka closely misses you. The goblin barely misses you.
The quokka twitches its whiskers.
The quokka barely misses you. You furiously retaliate!
You headbutt the quokka. You hit the quokka. Your headbutt misses the quokka.
The quokka is severely wounded.
The goblin hits you with a +0 dagger.
The quokka twitches its whiskers.
The quokka bites you.
* * * LOW HITPOINT WARNING * * *
You are too injured to fight recklessly!
You are too injured to fight recklessly!
Unknown command.
You are too injured to fight recklessly!
Unknown command.
Unknown command.
The quokka attacks as you move away! The quokka bites you.
You die...

. ###+###+# . .........
. #. ##....... #. #.
......... .?.##.###
##+###'# .....B# #P..
..###.rg# #.<.
.......@########## ####
..######.........####.
............##.....#.##
.##.........#..#.#.#..#
.....#.............##.#
...##....##....#.#.....
.. #..######.......##..
. ...# #........... .##
#..#........


You could see a quokka, a giant cockroach and a goblin.

Vanquished Creatures
  A giant cockroach (D:1)
  A hobgoblin (D:1)
  2 ball pythons (D:1)
  A goblin (D:1)
  A rat (D:1)
6 creatures vanquished.

Notes
Turn   | Place    | Note
-------+----------+-------------------------------------------
     0 | D:1      | Morbidden the Minotaur Air Elementalist began the quest for
                  | the Orb.
     0 | D:1      | Reached XP level 1. HP: 14/14 MP: 1/1
   145 | D:1      | Slain by a quokka

Illustrated notes

Levels and vault maps discovered:
D:1:      dpeg_arrival_prison, layout_rooms, serial_glass, glass_columns_a,
          glass_columns_b, glass_columns_b, glass_columns_b, glass_columns_a,
          glass_columns_b, serial_bayou_lagoon_a

Action                   || total
-------------------------++-------
Melee: Unarmed           ||    13
       Headbutt          ||     1
       Punch             ||     1
 Cast: Shock             ||     4
Armor: Robe              ||     4
Dodge: Dodged            ||     9

Table legend: (Time is in decaauts)
 A = Elapsed time spent in this place.
 B = Non-inter-level travel time spent in this place.
 C = Inter-level travel time spent in this place.
 D = Time resting spent in this place.
 E = Time spent auto-exploring this place.
 F = Levels seen in this place.
 G = Mean time per level.
                   A        B        C        D        E       F      G
               +--------+--------+--------+--------+--------+-----+--------+
         Total |    144 |    144 |      0 |      0 |    105 |   1 |  144.0 |
       Dungeon |    144 |    144 |      0 |      0 |    105 |   1 |  144.0 |
               +--------+--------+--------+--------+--------+-----+--------+

Top non-repeatable levels by time:
     D:1: 144 daAuts
